[Event "Team 45 45 League T40"]
[Site "Internet Chess Club"]
[Date "2009.01.30"]
[Round "1"]
[White "GeofDeV"]
[Black "Campagnolo"]
[Result "0-1"]
[WhiteElo "1911"]
[BlackElo "2078"]
[Opening "Benkö gambit accepted"]
[ECO "A58"]
[Time "21:00:17"]
[TimeControl "2700+45"]

1. d4 Nf6 2. c4 c5 3. d5 b5 4. cxb5 a6 5. bxa6 g6 6. Nc3 d6 7. Nf3 Bg7 8. e4 O-O
9. Rb1 Qb6 10. Bd2 Bxa6 11. Bxa6 Qxa6 12. Qe2 Qxe2+ 13. Kxe2 Nbd7 14. b3 Ng4 15.
a4 Rfb8 16. h3 Nge5 17. Nxe5 Nxe5 18. f4 Nd7 19. Kd3 Rb7 20. Kc2 Rb4 21. Rhe1 c4
22. bxc4 Rxc4 23. Ra1 Nc5 24. Ra3 Bxc3 25. Bxc3 Raxa4 26. Rxa4 Nxa4 27. Kb3 Rxe4
28. Rxe4 Nc5+ 29. Kc4 Nxe4 30. Bb4 Kg7 31. Kd4 f5 32. Ke3 Kf6 33. g4 h6 34. Kf3
g5 35. Be1 Kg6 36. h4 gxh4 37. Bxh4 Nf6 38. Bxf6 Kxf6 39. Kg3 fxg4 40. Kxg4 Kg6
41. f5+ Kf6 42. Kf4 h5 {White resigns} 0-1

[Event "Team 45 45 League T40"]
[Site "Internet Chess Club"]
[Date "2009.01.30"]
[Round "1"]
[White "Tiesto"]
[Black "dnmuscg"]
[Result "0-1"]
[WhiteElo "1669"]
[BlackElo "1954"]
[Opening "Giuoco Pianissimo"]
[ECO "C55"]
[Time "10:00:11"]
[TimeControl "2700+45"]

1. e4 e5 2. Nf3 Nc6 3. Bc4 Nf6 4. d3 Bc5 5. O-O d6 6. c3 O-O 7. Bg5 h6 8. Bh4
Be6 9. Bb3 Bxb3 10. Qxb3 g5 11. Bg3 Qd7 12. Nbd2 Nh5 13. Rfe1 Nxg3 14. hxg3 a6
15. Kf1 Kg7 16. Ke2 b5 17. Nf1 f5 18. Ne3 fxe4 19. dxe4 Bxe3 20. Kxe3 Na5 21.
Qc2 Rf6 22. Rad1 Nc4+ 23. Ke2 Raf8 24. b3 g4 25. bxc4 gxf3+ 26. gxf3 Rxf3 27.
Rd2 Qg4 28. Kf1 Rxg3 29. f3 Rg1+ 30. Ke2 Qxf3# {White checkmated} 0-1

[Event "Team 45 45 League T40"]
[Site "Internet Chess Club"]
[Date "2009.02.01"]
[Round "1"]
[White "GtoG"]
[Black "C-Jones"]
[Result "0-1"]
[WhiteElo "1680"]
[BlackElo "1624"]
[Opening "Réti opening"]
[ECO "A04"]
[Time "13:01:30"]
[TimeControl "2700+45"]

1. Nf3 Nc6 2. b3 e5 3. Bb2 d6 4. e3 Bg4 5. Be2 Nf6 6. O-O Be7 7. h3 Bxf3 8. Bxf3
Qd7 9. d4 exd4 10. exd4 d5 11. Nd2 O-O 12. c4 Rad8 13. Re1 Rfe8 14. c5 Qf5 15.
Nf1 Bf8 16. Rxe8 Rxe8 17. Ng3 Qd7 18. a3 a5 19. Qd2 Ne4 20. Nxe4 dxe4 21. Bd1
Bxc5 22. Qg5 Bxd4 23. Qd2 e3 24. Qd3 exf2+ 25. Kh1 Re1+ 26. Kh2 Be5+ 27. Bxe5
Qxd3 28. Bc2 Qxc2 29. Rxe1 fxe1=Q 30. Bxc7 Qef2 31. Bxa5 Qxg2# {White
checkmated} 0-1

[Event "Team 45 45 League T40"]
[Site "Internet Chess Club"]
[Date "2009.02.01"]
[Round "1"]
[White "BotanicalKnight"]
[Black "Timotheous"]
[Result "0-1"]
[WhiteElo "1577"]
[BlackElo "1724"]
[Opening "Sicilian: closed"]
[ECO "B24"]
[Time "16:00:28"]
[TimeControl "2700+45"]

1. e4 c5 2. Nc3 Nc6 3. g3 g6 4. Bg2 Bg7 5. d3 Nf6 6. f4 d6 7. Nf3 Rb8 8. O-O b5
9. a3 a5 10. e5 dxe5 11. Nxe5 Nxe5 12. fxe5 Ng4 13. Bc6+ Bd7 14. Qxg4 Bxc6 15.
Qf4 Qd4+ 16. Be3 Qxf4 17. Bxf4 O-O 18. h3 e6 19. g4 Rfd8 20. Rf2 h6 21. Raf1 Rb7
22. Nd1 g5 23. Bg3 c4 24. dxc4 bxc4 25. c3 Rd5 26. Ne3 Rd3 27. Re1 Bf8 28. Kh2
Bc5 29. Rfe2 Bf3 30. Rf2 Bxe3 31. Rxf3 Rxb2+ 32. Kh1 Bd2 33. Rxd3 cxd3 34. Rd1
Rc2 35. Kg2 Bxc3+ 36. Kf3 d2 {White resigns} 0-1

[Event "Team 45 45 League T40"]
[Site "Internet Chess Club"]
[Date "2009.01.29"]
[Round "1"]
[White "OGO"]
[Black "noblitz-oblige"]
[Result "1-0"]
[WhiteElo "1618"]
[BlackElo "1577"]
[Opening "Ruy Lopez: classical (Cordel) defense"]
[ECO "C64"]
[Time "12:00:29"]
[TimeControl "2700+45"]

1. e4 e5 2. Nf3 Nc6 3. Bb5 Bc5 4. O-O d6 5. Nc3 Nf6 6. d4 exd4 7. Nxd4 Bxd4 8.
Qxd4 h6 9. Re1 O-O 10. Bxc6 bxc6 11. Bd2 c5 12. Qd3 Be6 13. Rad1 Rb8 14. b3 Ng4
15. Qg3 Qf6 16. h3 Ne5 17. f4 Nc6 18. e5 Qf5 19. Ne4 d5 20. Nf6+ Kh8 21. Ng4
Qxc2 22. Ne3 Qxa2 23. f5 d4 24. f6 g6 25. Qh4 {Black resigns} 1-0

[Event "Team 45 45 League T40"]
[Site "Internet Chess Club"]
[Date "2009.01.29"]
[Round "1"]
[White "chesskix"]
[Black "dondel"]
[Result "1-0"]
[WhiteElo "1556"]
[BlackElo "1433"]
[Opening "Réti accepted"]
[ECO "A09"]
[Time "20:57:03"]
[TimeControl "2700+45"]

1. Nf3 d5 2. c4 dxc4 3. e4 b5 4. a4 c6 5. Be2 e6 6. O-O Nh6 7. b3 cxb3 8. Qxb3
b4 9. Bb2 Ba6 10. d3 Nd7 11. Rd1 Qc7 12. Nbd2 O-O-O 13. Rac1 Re8 14. Qc2 c5 15.
Nb3 Ng4 16. d4 Bxe2 17. Qxe2 Qc6 18. h3 Ngf6 19. e5 Qxa4 20. Nxc5 Bxc5 21. exf6
gxf6 22. dxc5 Qc6 23. Rd6 Qc7 24. Qa6+ Kb8 25. Nd4 Ne5 26. Nc6+ Nxc6 27. Rxc6
Qe7 28. Ra1 Qb7 29. Bxf6 Rhg8 30. Be5+ Ka8 31. Qxb7+ Kxb7 32. Rc7+ Kb8 33. Raxa7
Rxg2+ 34. Kxg2 Rg8+ 35. Kf3 {Black resigns} 1-0

[Event "Team 45 45 League T40"]
[Site "Internet Chess Club"]
[Date "2009.01.31"]
[Round "1"]
[White "Ivio"]
[Black "Budzo"]
[Result "0-1"]
[WhiteElo "1717"]
[BlackElo "1814"]
[Opening "French: advance, Paulsen attack"]
[ECO "C02"]
[Time "10:00:09"]
[TimeControl "2700+45"]

1. e4 e6 2. d4 d5 3. e5 c5 4. c3 Nc6 5. Nf3 Qb6 6. Be2 Nh6 7. Na3 cxd4 8. cxd4
Nf5 9. Bb5 Bd7 10. Bxc6 Bxc6 11. O-O Be7 12. Nb1 Rc8 13. Nc3 O-O 14. a3 Bd7 15.
Ne2 Rc4 16. b3 Rc7 17. Ng3 Nxg3 18. hxg3 Rfc8 19. Bg5 Bxg5 20. Nxg5 h6 21. Nh3
Rc2 22. Rb1 R8c3 23. Nf4 Bb5 24. Re1 Qc7 25. Nh5 Bd3 26. Qg4 Bg6 27. Nf4 Bf5 28.
Qd1 Ra2 29. Ra1 Rxa1 30. Qxa1 Rxb3 31. Kh2 Qc3 32. Qxc3 Rxc3 33. Ra1 Kf8 34. f3
Bd3 35. Kg1 Bc4 36. Kf2 Rc2+ 37. Ke1 g5 38. Kd1 Rf2 39. Rb1 Rf1+ 40. Kc2 Rxb1
41. Kxb1 gxf4 42. gxf4 Bf1 43. g3 Bg2 44. Kb2 Bxf3 45. Kc3 Ke7 46. Kb4 Kd7 47.
Kc5 Kc7 48. a4 b6+ 49. Kb4 Kc6 50. a5 b5 {White resigns} 0-1

[Event "Team 45 45 League T40"]
[Site "Internet Chess Club"]
[Date "2009.01.30"]
[Round "1"]
[White "Karatekick"]
[Black "SATELLITE-DAN"]
[Result "1-0"]
[WhiteElo "1622"]
[BlackElo "1482"]
[Opening "QGD Slav: 3.Nf3"]
[ECO "D11"]
[Time "19:59:29"]
[TimeControl "2700+45"]

1. d4 d5 2. c4 c6 3. Nf3 Nf6 4. Bg5 e6 5. e3 Be7 6. Bd3 Nbd7 7. Nc3 h6 8. Bh4
dxc4 9. Bxc4 b5 10. Bd3 O-O 11. Rc1 Bb7 12. O-O a6 13. Ne4 c5 14. Nxf6+ Nxf6 15.
dxc5 Bxf3 16. gxf3 Qd5 17. Bxf6 Bxf6 18. Be4 Qg5+ 19. Kh1 Rad8 20. Qc2 Be7 21.
b4 f5 22. Bb7 Qh5 23. Qe2 e5 24. Rcd1 e4 25. Rxd8 Bxd8 26. Re1 Bc7 27. f4 Qh3
28. Bxa6 Rd8 29. Rd1 Rd3 30. Bxb5 {Black resigns} 1-0

[Event "Team 45 45 League T40"]
[Site "Internet Chess Club"]
[Date "2009.01.31"]
[Round "1"]
[White "Tjet"]
[Black "quaksterjohny"]
[Result "0-1"]
[WhiteElo "1514"]
[BlackElo "1457"]
[Opening "English: Caro-Kann defensive system"]
[ECO "A11"]
[Time "14:00:09"]
[TimeControl "2700+45"]

1. c4 c6 2. b3 d5 3. cxd5 cxd5 4. Bb2 Bf5 5. Nf3 Nc6 6. a3 e6 7. g3 Nf6 8. Bg2
Be7 9. O-O h6 10. d3 O-O 11. Nbd2 Rc8 12. Re1 Re8 13. Nd4 Nxd4 14. Bxd4 Bc5 15.
Bxc5 Rxc5 16. b4 Rc7 17. e4 dxe4 18. Nxe4 Nxe4 19. dxe4 Bg6 20. Qxd8 Rxd8 21.
Rec1 Rdc8 22. Rxc7 Rxc7 23. a4 Rc4 24. b5 Bxe4 25. Bxe4 Rxe4 26. h4 g5 27. hxg5
hxg5 28. Kg2 Kg7 29. Kf3 Rb4 30. Ke3 f5 31. Ra3 Kg6 32. f3 f4+ 33. gxf4 gxf4+
34. Kf2 Kf5 35. Kg2 e5 36. Kf2 e4 37. fxe4+ Kxe4 38. Ke2 Rb2+ 39. Kf1 f3 40. Ke1
Kf4 41. Kf1 Kg3 42. Ke1 Kg2 {White resigns} 0-1

[Event "Team 45 45 League T40"]
[Site "Internet Chess Club"]
[Date "2009.01.30"]
[Round "1"]
[White "Zappy"]
[Black "GadsHill"]
[Result "0-1"]
[WhiteElo "1504"]
[BlackElo "1591"]
[Opening "Philidor: Improved Hanham variation"]
[ECO "B07"]
[Time "18:30:20"]
[TimeControl "2700+45"]

1. e4 d6 2. d4 Nf6 3. Nc3 Nbd7 4. Nf3 e5 5. dxe5 dxe5 6. Bc4 Be7 7. b3 O-O 8.
Bb2 c6 9. O-O Qc7 10. Qe2 b5 11. Bd3 Re8 12. a3 Bf8 13. a4 b4 14. Na2 a5 15. Bc4
Nb6 16. Rad1 Nxc4 17. Qxc4 Ba6 18. Qxa6 Rxa6 19. Nc1 Nxe4 {White resigns} 0-1

[Event "Team 45 45 League T40"]
[Site "Internet Chess Club"]
[Date "2009.01.29"]
[Round "1"]
[White "nursey"]
[Black "Pillsbury57"]
[Result "1-0"]
[WhiteElo "1691"]
[BlackElo "1494"]
[Opening "Pirc: classical system, 5.Be2"]
[ECO "B08"]
[Time "15:55:04"]
[TimeControl "2700+45"]

1. e4 d6 2. d4 Nf6 3. Nc3 g6 4. Nf3 Bg7 5. Be2 O-O 6. O-O c6 7. Bg5 Re8 8. Re1
b5 9. a4 b4 10. Bxf6 Bxf6 11. Nb1 a5 12. Nbd2 Bg7 13. Rb1 e5 14. dxe5 dxe5 15.
Nc4 Qe7 16. Nd6 Rd8 17. Nxc8 Rxc8 18. Qd2 Rd8 19. Qg5 Qc7 20. Rbd1 Nd7 21. b3
Nc5 22. Qe3 Ne6 23. c4 c5 24. Rd5 Nd4 25. Rd1 Rxd5 26. cxd5 Rc8 27. Rd2 f5 28.
exf5 Nxf5 29. d6 Qd8 30. Bc4+ Kf8 31. Qd3 Nd4 32. Ba6 Rc6 33. Nxd4 cxd4 34. Qf3+
Bf6 35. Qxc6 Bg5 36. Rd3 Qf6 37. Qc8+ Kg7 38. Qb7+ Kh6 39. d7 e4 40. Rh3+ Bh4
41. g3 g5 42. Qc8 Qf3 43. Qc6+ Kg7 44. d8=Q Qxb3 45. Qcf6# {Black checkmated}
1-0

[Event "Team 45 45 League T40"]
[Site "Internet Chess Club"]
[Date "2009.02.02"]
[Round "1"]
[White "achessfool"]
[Black "vaknight"]
[Result "0-1"]
[WhiteElo "1461"]
[BlackElo "1647"]
[Opening "Sicilian"]
[ECO "B56"]
[Time "19:00:07"]
[TimeControl "2700+45"]

1. e4 c5 2. Nf3 Nc6 3. d4 cxd4 4. Nxd4 d6 5. Nc3 Nf6 6. Be3 e6 7. Ndb5 a6 8. e5
Nxe5 9. Na3 Be7 10. f3 O-O 11. Nc4 Nxc4 12. Bxc4 b5 13. Bd3 Qc7 14. O-O Bb7 15.
a3 Rfd8 16. Qe2 d5 17. Bd4 Bc5 18. Bxc5 Qxc5+ 19. Kh1 Re8 20. Na2 e5 21. b4 Qb6
22. c3 e4 23. Bc2 exf3 24. Qxf3 d4 25. Qf2 Re3 26. cxd4 Qxd4 27. Rad1 Qe5 28.
Bxh7+ Kxh7 29. Qh4+ Kg8 30. Kg1 Re2 31. Rf2 Re1+ 32. Rf1 Rxd1 33. Rxd1 Qe2 34.
Qf2 Qxd1+ 35. Qf1 Qxf1+ 36. Kxf1 Rc8 {White resigns} 0-1

[Event "Team 45 45 League T40"]
[Site "Internet Chess Club"]
[Date "2009.02.03"]
[Round "1"]
[White "rayonline53"]
[Black "BishopMike"]
[Result "1-0"]
[WhiteElo "1542"]
[BlackElo "1422"]
[Opening "Sicilian: dragon, classical, Amsterdam variation"]
[ECO "B72"]
[Time "21:00:29"]
[TimeControl "2700+45"]

1. e4 c5 2. Nf3 Nc6 3. d4 cxd4 4. Nxd4 d6 5. Nc3 Nf6 6. Be2 g6 7. Be3 Bg7 8. Qd2
Ng4 9. Bxg4 Bxg4 10. f3 Bd7 11. O-O-O Ne5 12. Bh6 Nc4 13. Qg5 Bf6 14. Qg3 Qb6
15. Nb3 a5 16. a4 Bxc3 17. bxc3 Bxa4 18. Bg7 Rg8 19. Bd4 Qb5 20. Qf2 Bxb3 21.
cxb3 Qxb3 22. Qc2 Qxc2+ 23. Kxc2 e5 24. Bf2 O-O-O 25. Rd5 f5 26. Kb3 b5 27. Rxb5
Nd2+ 28. Kc2 Nc4 29. Kb3 d5 30. exd5 Nd6 31. Rxa5 Rg7 32. Ra8+ Kd7 33. Ra7+
{Black resigns} 1-0

[Event "Team 45 45 League T40"]
[Site "Internet Chess Club"]
[Date "2009.01.31"]
[Round "1"]
[White "TheronUAL"]
[Black "SeniorCitizen"]
[Result "1-0"]
[WhiteElo "1405"]
[BlackElo "1364"]
[Opening "Sicilian defense"]
[ECO "B30"]
[Time "13:00:24"]
[TimeControl "2700+45"]

1. e4 c5 2. Nf3 Nc6 3. Bc4 e6 4. Nc3 g6 5. d4 cxd4 6. Nxd4 Bg7 7. Nxc6 bxc6 8.
O-O Ne7 9. Be3 O-O 10. Bd4 d5 11. Bxg7 Kxg7 12. Qd4+ Kg8 13. Rfd1 Qc7 14. Bb3 e5
15. Qd2 Be6 16. exd5 Bxd5 17. Bxd5 Nxd5 18. Nxd5 cxd5 19. Qxd5 Rfd8 20. Qf3 Rac8
21. Rxd8+ Rxd8 22. Rd1 Rxd1+ 23. Qxd1 Kg7 24. b3 Qc3 25. h3 a5 26. a4 f6 27. Kf1
Qb4 28. Qd7+ Kh6 29. Qb5 Qd2 30. Qd3 Qb4 31. Ke2 Kg7 32. Qd7+ Kh6 33. Qd2+
{Black resigns} 1-0

[Event "Team 45 45 League T40"]
[Site "Internet Chess Club"]
[Date "2009.01.31"]
[Round "1"]
[White "wbanks"]
[Black "RingLord"]
[Result "1-0"]
[WhiteElo "1660"]
[BlackElo "1582"]
[Opening "Sicilian: Scheveningen, 6.Be2"]
[ECO "B85"]
[Time "10:00:22"]
[TimeControl "2700+45"]

1. e4 c5 2. Nf3 e6 3. d4 cxd4 4. Nxd4 Nf6 5. Nc3 d6 6. Be2 Be7 7. O-O O-O 8. Be3
a6 9. f4 e5 10. fxe5 dxe5 11. Nf5 Bxf5 12. Rxf5 Nc6 13. a3 Qc7 14. Rf1 Rfd8 15.
Qe1 Rd6 16. Rd1 Nd4 17. Bd3 Rad8 18. Qg3 Nd7 19. Nd5 Rxd5 20. exd5 Bc5 21. c3
Nb3 22. Kh1 Nf8 23. Bxc5 Nxc5 24. Bb1 Qe7 25. Rde1 f6 26. b4 Ncd7 27. c4 b6 28.
Ba2 Kh8 29. Qg4 a5 30. Rb1 Rb8 31. Rb3 Rd8 32. Bb1 Qd6 33. Qe4 Rc8 34. Rh3 h6
35. bxa5 bxa5 36. Qg4 Qa6 37. Ba2 Nb6 38. Rxf6 gxf6 39. Rxh6+ Nh7 40. Qg6 Qb7
41. Bb1 Rc7 42. Qe8+ Kg7 43. Rg6# {Black checkmated} 1-0

[Event "Team 45 45 League T40"]
[Site "Internet Chess Club"]
[Date "2009.02.01"]
[Round "1"]
[White "BlunderJack"]
[Black "BigW"]
[Result "0-1"]
[WhiteElo "1571"]
[BlackElo "1585"]
[Opening "Nimzo-Indian: classical, Milner-Barry (Zurich) variation"]
[ECO "E33"]
[Time "17:00:12"]
[TimeControl "2700+45"]

1. d4 Nf6 2. c4 e6 3. Nc3 Bb4 4. Qc2 Nc6 5. Nf3 d6 6. Bg5 h6 7. Bh4 g5 8. Bg3 g4
9. d5 exd5 10. cxd5 Nxd5 11. Nd2 Bxc3 12. bxc3 Qf6 13. Rc1 h5 14. c4 Ndb4 15.
Qe4+ Be6 16. Rb1 h4 17. Bf4 O-O-O 18. Qe3 Nc2+ {White resigns} 0-1

[Event "Team 45 45 League T40"]
[Site "Internet Chess Club"]
[Date "2009.01.31"]
[Round "1"]
[White "toukon"]
[Black "dougmo"]
[Result "1/2-1/2"]
[WhiteElo "1401"]
[BlackElo "1537"]
[Opening "French: classical, Steinitz variation"]
[ECO "C14"]
[Time "11:00:13"]
[TimeControl "2700+45"]

1. e4 e6 2. d4 d5 3. Nc3 Nf6 4. Bg5 Be7 5. e5 Nfd7 6. Bxe7 Qxe7 7. f4 O-O 8. Nf3
c5 9. Qd2 Nc6 10. O-O-O cxd4 11. Nxd4 f6 12. Bb5 Nxd4 13. Qxd4 fxe5 14. fxe5
Qg5+ 15. Qd2 Qxd2+ 16. Rxd2 Nxe5 17. Re2 Nc6 18. a3 Nd4 19. Re3 Nxb5 20. Nxb5
Bd7 21. Nc7 Rad8 22. Nxe6 Bxe6 23. Rxe6 Rf7 24. Rhe1 Kf8 25. g4 g6 26. h4 Rdd7
27. Re8+ Kg7 28. Ra8 b6 29. Ree8 Kf6 30. Rf8 Rxf8 31. Rxf8+ Ke5 32. Kd2 Ke4 33.
b4 d4 34. h5 gxh5 35. gxh5 a5 36. Rf6 axb4 37. axb4 b5 38. Rb6 Rd5 39. h6 Rh5
40. Re6+ Kd5 41. Rb6 Kc4 42. Rd6 Rh2+ 43. Kc1 Rh4 44. Kd2 Rh2+ 45. Kc1 Kc3 46.
Rc6+ Kxb4 47. Rd6 Kc5 48. Re6 b4 49. Rf6 Rh5 50. Re6 Kc4 51. Rf6 b3 52. cxb3+
Kxb3 53. Rc6 Rh3 54. Kd2 Kb4 55. Rb6+ Kc5 56. Re6 Kd5 57. Rf6 Ke5 58. Rc6 Kd5
59. Rf6 Ke5 60. Rc6 Kf4 61. Rd6 Ke5 62. Rc6 {Game drawn by repetition} 1/2-1/2

[Event "Team 45 45 League T40"]
[Site "Internet Chess Club"]
[Date "2009.02.01"]
[Round "1"]
[White "werty"]
[Black "Makaen"]
[Result "0-1"]
[WhiteElo "1493"]
[BlackElo "1522"]
[Opening "Queen's pawn game"]
[ECO "D04"]
[Time "15:06:11"]
[TimeControl "2700+45"]

1. d4 d5 2. Nf3 Nf6 3. e3 Bf5 4. Bd3 Bxd3 5. Qxd3 Nbd7 6. b3 e6 7. Bb2 Bd6 8.
O-O O-O 9. Nbd2 c6 10. Rfe1 Rc8 11. c4 b6 12. e4 Nxe4 13. Nxe4 dxe4 14. Rxe4 Nf6
15. Re2 h6 16. Rd1 Qc7 17. h3 Rcd8 18. Qc2 Rfe8 19. Rde1 Bb4 20. Bc3 Bxc3 21.
Qxc3 Re7 22. a4 Red7 23. Rd2 Qf4 24. Qe3 Qxe3 25. Rxe3 Kf8 26. Kf1 Ne8 27. Ke2
Nc7 28. Red3 Na6 29. Ne5 Rc7 30. Rf3 f6 31. Ng6+ Kf7 32. Ne5+ Ke8 33. Ng4 Nb4
34. Ne3 Rcd7 35. Nc2 Nxc2 36. Rxc2 Rxd4 37. Re3 e5 38. g3 Kf7 39. h4 c5 40. Kf1
a5 41. Rce2 R8d7 42. Rf3 Rd3 43. Ree3 e4 44. Rxd3 exd3 45. Ke1 d2+ 46. Kd1 g6
47. Re3 h5 48. f4 Rd4 49. Rf3 Ke6 50. Re3+ Kf5 51. Re2 Kg4 52. Re3 f5 53. Rc3
Kh3 54. Re3 Kg2 55. Rc3 Kf2 56. b4 axb4 57. Rb3 Rxc4 58. Kxd2 Rc3 59. Rxc3 bxc3+
60. Kxc3 Kxg3 61. Kc4 Kxf4 62. Kb5 Ke3 63. Kxb6 f4 64. a5 f3 65. a6 f2 66. a7
f1=Q 67. a8=Q Qf6+ 68. Kxc5 Qd4+ 69. Kb5 Qb2+ 70. Kc5 Qc3+ 71. Kd6 Qd4+ 72. Kc7
Qc5+ 73. Kd7 Kf4 74. Qa4+ Kf5 75. Qd1 Qb5+ 76. Kc8 Qa6+ 77. Kb8 Qb6+ 78. Ka8
Qc6+ 79. Kb8 Qe8+ 80. Ka7 Qe7+ 81. Kb8 Qxh4 82. Qd7+ Kf4 83. Qd4+ Kg3 84. Qd3+
Kg2 85. Qe2+ Qf2 86. Qe4+ Qf3 87. Qc2+ Kg3 88. Qxg6+ Kh4 89. Qb1 Qf8+ 90. Ka7
Qe7+ 91. Kb8 Qd8+ 92. Ka7 Qc7+ 93. Ka8 Qc8+ 94. Ka7 Qg4 95. Ka8 Kg5 96. Qb5+ Qf5
97. Qb2 h4 98. Qd2+ Qf4 99. Qd5+ Kg4 100. Qg2+ Qg3 101. Qe4+ Kh3 102. Qf5+ Kg2
103. Qc2+ Qf2 104. Qg6+ Kh2 105. Qd6+ Qg3 106. Qd1 h3 107. Kb7 Kg2 108. Qd2+ Qf2
109. Qg5+ Kf1 110. Qc1+ Qe1 111. Qf4+ Kg2 112. Qg4+ Qg3 113. Qe2+ Qf2 114. Qg4+
Kh2 115. Qf4+ Qxf4 {White resigns} 0-1

[Event "Team 45 45 League T40"]
[Site "Internet Chess Club"]
[Date "2009.01.31"]
[Round "1"]
[White "Victorianum"]
[Black "Grenadier"]
[Result "1/2-1/2"]
[WhiteElo "1755"]
[BlackElo "1686"]
[Opening "Caro-Kann: Panov-Botvinnik attack, 5...e6"]
[ECO "B14"]
[Time "08:02:32"]
[TimeControl "2700+45"]

1. e4 c6 2. d4 d5 3. exd5 cxd5 4. c4 Nf6 5. Nc3 e6 6. Nf3 Nc6 7. a3 b6 8. Bd3
Bb7 9. O-O Be7 10. Re1 O-O 11. Bg5 Rc8 12. cxd5 Nxd5 13. Bxe7 Ncxe7 14. Nxd5
Bxd5 15. Be4 Rc7 16. Bxh7+ Kxh7 17. Ng5+ Kg6 18. Qg4 Kh6 19. Qh4+ Kg6 20. Qg4
Kh6 21. Re3 Nf5 22. Rh3+ Kg6 23. Qh5+ Kf6 24. Nh7+ Ke7 25. Nxf8 Qxf8 26. Re1 Kd7
27. Qd1 Qa8 28. g4 Bh1 29. f3 Bxf3 30. Rxf3 Nd6 31. Rd3 f6 32. Qb3 Qd5 33. Qa4+
b5 34. Qd1 Nc4 35. Qe2 a5 36. Rc1 a4 37. Rc2 Rb7 38. Qg2 Nd6 39. Qxd5 exd5 40.
Rc5 Ke6 41. Kf2 Ne4+ 42. Ke3 Nxc5 43. dxc5 Ke5 44. b4 axb3 45. Rxb3 d4+ 46. Kf3
Kd5 47. Rb4 Kxc5 48. Ke4 Ra7 49. Rxd4 Rxa3 50. Rd7 Ra4+ 51. Kf5 g6+ 52. Kxg6
Rxg4+ 53. Kf5 Rh4 54. Kxf6 Rxh2 55. Ke5 Kc4 56. Rc7+ Kb3 57. Kd4 b4 58. Rb7 Rh4+
59. Kd3 Kb2 60. Kd2 b3 61. Kd1 Rc4 62. Rb8 Ra4 63. Kd2 Ka2 64. Kc3 Ra3 65. Rb7
b2+ 66. Kc2 Ra6 {Game drawn by mutual agreement} 1/2-1/2

[Event "Team 45 45 League T40"]
[Site "Internet Chess Club"]
[Date "2009.01.30"]
[Round "1"]
[White "fredd"]
[Black "celebrat"]
[Result "0-1"]
[WhiteElo "1455"]
[BlackElo "1554"]
[Opening "French: Steinitz variation"]
[ECO "C11"]
[Time "21:53:20"]
[TimeControl "2700+45"]

1. e4 e6 2. Nc3 d5 3. d4 Nf6 4. e5 Nfd7 5. Nf3 c5 6. Bg5 Be7 7. Bxe7 Qxe7 8. Nb5
Nb6 9. Nd6+ Kd8 10. Ng5 Kd7 11. f4 h6 12. Ngxf7 Rf8 13. Qh5 cxd4 14. f5 Nc6 15.
O-O-O a6 16. Re1 Nb4 17. Kb1 Na4 18. g3 Nc5 19. Bh3 Kc7 20. f6 gxf6 21. exf6
Qxf6 22. Rhf1 Qe7 23. Qe5 Kc6 24. Nc4 dxc4 25. Bg2+ Kb6 26. Rf5 Rxf7 27. Rxf7
Qxf7 28. Qd6+ Nc6 29. Bxc6 bxc6 30. Qd8+ Kb5 31. Qxd4 Bd7 32. Re5 Qf1+ {White
resigns} 0-1

[Event "Team 45 45 League T40"]
[Site "Internet Chess Club"]
[Date "2009.01.31"]
[Round "1"]
[White "forsyth"]
[Black "blitzisbest"]
[Result "0-1"]
[WhiteElo "1474"]
[BlackElo "1468"]
[Opening "Scotch gambit"]
[ECO "C44"]
[Time "18:01:50"]
[TimeControl "2700+45"]

1. e4 e5 2. Nf3 Nc6 3. d4 exd4 4. Bc4 d6 5. c3 dxc3 6. Ng5 Ne5 7. f4 Nxc4 8. Qd5
Nh6 9. Qxc4 Be7 10. Nxc3 O-O 11. O-O c6 12. b3 Qb6+ 13. Kh1 Ng4 14. Qe2 Bf6 15.
Rf3 Bxc3 16. Rb1 Bd7 17. h3 Bf6 18. h4 Bd4 19. f5 Nf2+ 20. Kh2 Ng4+ 21. Kg3 Nf6
22. Be3 Bxe3 23. Rxe3 h6 24. Nh3 Qc7 25. Kf2 Qb6 26. Kg3 Rfe8 27. Rd1 Bxf5 28.
e5 Bg4 29. Qd3 Rxe5 30. Rde1 Rxe3+ 31. Rxe3 Bxh3 32. Kxh3 Nh5 33. Rf3 Re8 34.
Qf5 Nf6 35. Kh2 Qd4 36. Rg3 Qxh4+ 37. Qh3 Qxh3+ 38. Rxh3 d5 39. Rh4 Re4 40. Rh3
d4 41. b4 d3 42. Rxd3 Ng4+ 43. Kg3 Re3+ 44. Rxe3 Nxe3 45. Kf3 Nd5 46. Ke4 Nxb4
47. a4 b5 48. axb5 cxb5 49. Kd4 Nc6+ 50. Kc3 b4+ 51. Kb3 a5 52. Ka4 f6 {White
resigns} 0-1

[Event "Team 45 45 League T40"]
[Site "Internet Chess Club"]
[Date "2009.02.01"]
[Round "1"]
[White "houseofcook"]
[Black "john-beebs"]
[Result "1-0"]
[WhiteElo "1465"]
[BlackElo "1397"]
[Opening "two knights: Max Lange attack, Steinitz variation"]
[ECO "C55"]
[Time "11:00:27"]
[TimeControl "2700+45"]

1. e4 e5 2. Nf3 Nc6 3. d4 exd4 4. Bc4 Nf6 5. O-O Bc5 6. e5 Ng4 7. Bf4 O-O 8. h3
Nxf2 9. Kxf2 d3+ 10. Be3 Bxe3+ 11. Kxe3 dxc2 12. Qxc2 Re8 13. Bxf7+ Kxf7 14.
Ng5+ Ke7 15. Rf7# {Black checkmated} 1-0

[Event "Team 45 45 League T40"]
[Site "Internet Chess Club"]
[Date "2009.01.29"]
[Round "1"]
[White "Ghashgork"]
[Black "vescovifan"]
[Result "1-0"]
[WhiteElo "1711"]
[BlackElo "1519"]
[Opening "King's gambit"]
[ECO "C30"]
[Time "15:03:06"]
[TimeControl "2700+45"]

1. e4 e5 2. f4 d6 3. Nc3 exf4 4. Bc4 g6 5. d4 Bg7 6. Bxf4 Nf6 7. Nf3 O-O 8. O-O
Bg4 9. Qd3 Nh5 10. Bg5 Qd7 11. h3 Bxf3 12. Rxf3 Nc6 13. Ne2 a6 14. Raf1 Nb4 15.
Bxf7+ Rxf7 16. Qb3 Rf8 17. Rxf7 Rxf7 18. Rxf7 Qxf7 19. Qxb4 c6 20. Qxd6 Nf6 21.
Bxf6 Bxf6 22. e5 Bg5 23. e6 Be3+ 24. Kh2 Qf2 25. Qd8+ Kg7 26. e7 Bf4+ 27. Kh1
Qxe2 28. Qf8# {Black checkmated} 1-0

[Event "Team 45 45 League T40"]
[Site "Internet Chess Club"]
[Date "2009.01.31"]
[Round "1"]
[White "Spady"]
[Black "civilization"]
[Result "1-0"]
[WhiteElo "1677"]
[BlackElo "1613"]
[Opening "Sicilian: Pin variation (Sicilian counter-attack)"]
[ECO "B41"]
[Time "12:02:53"]
[TimeControl "2700+45"]

1. e4 c5 2. Nf3 e6 3. d4 cxd4 4. Nxd4 Nf6 5. Nc3 Bb4 6. Bd3 d5 7. e5 Nfd7 8. Qg4
g6 9. f4 Nc6 10. Be3 Qa5 11. O-O Bxc3 12. Nb3 Qd8 13. bxc3 Qe7 14. Nd4 Nc5 15.
Nb5 a6 16. Nd6+ Kd7 17. Bxc5 f6 18. Ne4 f5 19. Bxe7 fxg4 20. Bf6 dxe4 21. Bxh8
exd3 22. cxd3 Ne7 23. c4 Nf5 24. Rfe1 Ke8 25. Rad1 Bd7 26. Bf6 Rc8 27. g3 Ba4
28. Rc1 Bc6 29. Kf2 Rc7 30. Red1 Rd7 31. d4 Nxd4 32. Rd2 Nf3 33. Rxd7 Kxd7 34.
Rd1+ Kc7 35. Bd8+ Kc8 36. Bb6 Bd7 37. h3 h5 38. hxg4 hxg4 39. Rh1 Bc6 40. Rh8+
Kd7 41. Rg8 Nd2 42. Rd8+ {Black resigns} 1-0

[Event "Team 45 45 League T40"]
[Site "Internet Chess Club"]
[Date "2009.02.02"]
[Round "1"]
[White "knight2f3"]
[Black "miranda01"]
[Result "0-1"]
[WhiteElo "1493"]
[BlackElo "1504"]
[Opening "Queen's pawn game, Darooha variation "]
[ECO "D02"]
[Time "04:30:45"]
[TimeControl "2700+45"]

1. d4 d5 2. Nf3 Nf6 3. c4 Bg4 4. Ne5 Bf5 5. Qb3 Bc8 6. Nc3 e6 7. g3 Bd6 8. cxd5
exd5 9. Nxd5 Be6 10. Bg2 Bxd5 11. Bxd5 Nxd5 12. Qxd5 Bb4+ 13. Bd2 Qxd5 14. Bxb4
Qxh1+ {White resigns} 0-1